 Dungeon Crawl Stone Soup version 0.28.0 (webtiles) character file.

Game seed: 1566614151056231329

1813 Lathuz the Cleaver (level 9, -5/58 HPs)
             Began as a Gargoyle Fighter on Feb 8, 2022.
             Was a Believer of Okawaru.
             Slain by Duvessa (8 damage)
             ... on level 7 of the Dungeon.
             The game lasted 00:11:59 (6697 turns).

Lathuz the Cleaver (Gargoyle Fighter)               Turns: 6697, Time: 00:12:00

Health: -5/58      AC: 22    Str: 25    XL:     9   Next: 10%
Magic:  10/10      EV:  6    Int:  8    God:    Okawaru [**....]
Gold:   250        SH:  4    Dex:  9    Spells: 8/8 levels left

rFire   . . .      SeeInvis .   a - +1 war axe
rCold   . . .      Faith    .   c - +0 buckler
rNeg    + . .      Spirit   .   e - +1 plate armour
rPois   ∞          Reflect  .   (no helmet)
rElec   +          Harm     .   (no cloak)
rCorr   .          Rampage  .   u - +1 Delatra's gloves {ID++}
Will    .....                   k - +0 pair of boots
Stlth   ..........              (no amulet)
HPRegen 0.19/turn               (no ring)
MPRegen 0.12/turn               (no ring)

@: lit by a corona, glowing
A: sickness immunity, AC +6, negative energy resistance 1, electricity
resistance, torment resistance 1, petrification resistance
a: Renounce Religion, Heroism


You were on level 7 of the Dungeon.
You worshipped Okawaru.
Okawaru was pleased with you.
You visited 2 branches of the dungeon, and saw 8 of its levels.

You collected 250 gold pieces.

Inventory:

Hand Weapons
 a - a +1 war axe (weapon)
Missiles
 l - 3 boomerangs
 p - 15 poisoned darts
 s - 201 stones
 v - 4 javelins (quivered)
 w - 5 curare-tipped darts
Armour
 c - a +0 buckler (worn)
 e - a +1 plate armour (worn)
 k - a +0 pair of boots (worn)
 u - the +1 Delatra's gloves (worn) {ID++}
   (You found it on level 4 of the Dungeon)

   It heals its wearer when they drink unknown potions.
   It restores its wearer's MP when they read unknown scrolls.
Jewellery
 d - a +6 ring of strength
 n - a ring of flight
 z - a +6 ring of intelligence
Scrolls
 g - a scroll of noise {unknown}
 h - a scroll of enchant weapon
 m - a scroll of amnesia
 y - a scroll of enchant armour
Potions
 b - 2 potions of curing {unknown}
 f - 2 potions of cancellation {unknown}
 i - 2 potions of degeneration {unknown}
 o - a potion of flight {unknown}
 x - a potion of attraction {unknown}
 A - a potion of berserk rage {unknown}
 M - 2 potions of might
 Q - 2 potions of magic


   Skills:
 + Level 7.6 Fighting
 * Level 8.4 Axes
 - Level 4.5 Armour
 - Level 3.2 Shields
 + Level 1.8 Invocations


You had 8 spell levels left.
You didn't know any spells.
Your spell library contained the following spells:

 Spells                   Type           Power      Damage    Failure   Level
 Freeze                   Ice            0%         1d3       100%        1
 Frozen Ramparts          Ice            0%         1d2       100%        3
 Portal Projectile        Hex/Tloc       0%         N/A       100%        3
 Fulminant Prism          Conj/Hex       0%         3d6       100%        4
 Hailstorm                Conj/Ice       0%         3d3       100%        4
 Iskenderun's Mystic Bla  Conj/Tloc      0%         2d3       100%        4
 Leda's Liquefaction      Hex/Erth       0%         N/A       100%        4
 Lee's Rapid Deconstruct  Erth           0%         3d5*      100%        5
 Storm Form               Tmut/Air       0%         N/A       100%        7
 Maxwell's Capacitive Co  Air            0%         ∞         100%        8
 Call Canine Familiar     Summ           Unusable   N/A       N/A         3
 Summon Lightning Spire   Summ/Air       Unusable   N/A       N/A         4

Dungeon Overview and Level Annotations

Branches:
Dungeon (7/15)             Temple (1/1) D:4

Altars:
Ashenzari
Cheibriados
Dithmenos
Elyvilon
Fedhas
Gozag
Hepliaklqana
Kikubaaqudgha
Makhleb
Nemelex Xobeh
Okawaru
Ru
Sif Muna
Trog
Uskayaw
Vehumet
Wu Jian
Xom
Yredelemnul
Zin
The Shining One

Shops:
D:1 *

Annotations:
D:7 Duvessa


Innate Abilities, Weirdness & Mutations

You are immune to sickness and miasma.
Your stone body is resilient. (AC +6)
You are immune to poison.
You resist negative energy. (rN+)
You are resistant to electric shocks. (rElec)
You are resistant to unholy torment.
You are immune to petrification.


Message History

You slice Dowan!!
You kill Dowan!
Duvessa screams in rage.
Duvessa goes berserk!
You completely miss Duvessa. You hit Duvessa but do no damage.
Duvessa hits you with a +0 short sword.
You slash Duvessa!
Duvessa is lightly wounded.
You hit Duvessa.
Duvessa is moderately wounded.
Duvessa hits you with a +0 short sword. x2
You slash Duvessa!
Duvessa is heavily wounded.
Duvessa hits you with a +0 short sword.
You slash Duvessa!
Duvessa is almost dead.
You slash Duvessa!
Duvessa is almost dead.
Duvessa hits you with a +0 short sword!
You are too injured to fight recklessly!
You are too injured to fight recklessly!
You hit Duvessa but do no damage.
Duvessa is almost dead.
Duvessa hits you with a +0 short sword!
* * * LOW HITPOINT WARNING * * *
You closely miss Duvessa.
Duvessa is almost dead.
You barely miss Duvessa.
Duvessa is almost dead.
Duvessa hits you with a +0 short sword.
* * * LOW HITPOINT WARNING * * *
You closely miss Duvessa.
Duvessa is almost dead.
Duvessa hits you with a +0 short sword!
* * * LOW HITPOINT WARNING * * *
You closely miss Duvessa.
Duvessa is almost dead.
Duvessa hits you with a +0 short sword.
* * * LOW HITPOINT WARNING * * *
Duvessa hits you with a +0 short sword!
You die...

###..####..###..##.....##..
#.........#....#..[.......
#.........'....#...<.....
#.........#....#.........
#.........#....#......#
#######.##.###..##.....# ###
.##.###.##.###..##.....##...
....#............e..........
....'...........@)..........
..####..############...##...
..# #### #######...# ..#
..........# ..#
............... .†#
.######ye.##... ..# #e..# ..
..# ..>.. . ..# ......


You could see Duvessa (berserk).

Vanquished Creatures
  Grinder (D:4)
  A shadow (D:7)
  Menkaure (D:4)
  2 water moccasins (D:6)
  2 black bears
  A necrophage (D:5)
  An ogre (D:4)
  2 phantoms
  2 scorpions
  Dowan (D:7)
  A killer bee (D:6)
  A centaur zombie (D:6)
  A hound (D:4)
  An orc priest (D:6)
  2 jellies
  A bullfrog skeleton (D:4)
  An iguana (D:6)
  An orc wizard (D:4)
  A hound skeleton (D:5)
  5 adders
  3 gnolls (D:5)
  A howler monkey skeleton (D:5)
  An ufetubus (D:4)
  An adder skeleton (D:4)
  4 worms
  2 dart slugs
  7 orcs
  5 endoplasms
  2 giant cockroaches
  5 goblins
  5 hobgoblins
  2 jackals (D:4)
  8 kobolds
  4 quokkas
  4 ball pythons
  7 bats
  2 frilled lizards
  4 rats (D:1)
96 creatures vanquished.

Notes
Turn   | Place    | Note
-------+----------+-------------------------------------------
     0 | D:1      | Lathuz the Gargoyle Fighter began the quest for the Orb.
     0 | D:1      | Reached XP level 1. HP: 14/14 MP: 1/1
   128 | D:1      | Reached skill level 2 in Axes
   344 | D:1      | Reached XP level 2. HP: 19/19 MP: 2/2
   651 | D:1      | Found Limiskum's General Store.
   736 | D:1      | Found a faded altar of an unknown god.
   966 | D:2      | Reached XP level 3. HP: 15/24 MP: 3/3
  1949 | D:3      | Reached skill level 3 in Axes
  1997 | D:3      | Reached XP level 4. HP: 29/29 MP: 4/4
  2693 | D:4      | Found the +1 Delatra's gloves {ID++}
  2724 | D:4      | Noticed Menkaure
  2738 | D:4      | Killed Menkaure
  2739 | D:4      | Reached skill level 4 in Axes
  2739 | D:4      | Reached XP level 5. HP: 3/34 MP: 5/5
  2739 | D:4      | Reached XP level 6. HP: 4/39 MP: 6/6
  3014 | D:4      | Noticed Grinder
  3017 | D:4      | Noticed a black bear
  3019 | D:4      | Paralysed by Grinder for 3 turns
  3465 | D:4      | Killed a black bear
  3466 | D:4      | Reached skill level 5 in Fighting
  3466 | D:4      | Reached skill level 5 in Axes
  3466 | D:4      | Reached XP level 7. HP: 32/44 MP: 7/7
  3609 | D:4      | Found a staircase to the Ecumenical Temple.
  3621 | Temple   | Entered the Ecumenical Temple
  3651 | Temple   | Became a worshipper of Warmaster Okawaru
  4178 | D:4      | Paralysed by Grinder for 6 turns
  4186 | D:4      | Paralysed by Grinder for 3 turns
  4205 | D:4      | Killed Grinder
  4206 | D:4      | Reached skill level 6 in Axes
  4612 | D:5      | Entered Level 5 of the Dungeon
  5101 | D:5      | Reached * piety under Okawaru
  5102 | D:5      | Reached XP level 8. HP: 51/51 MP: 8/8
  5340 | D:5      | Reached skill level 7 in Axes
  6392 | D:7      | Reached skill level 8 in Axes
  6480 | D:7      | Noticed a shadow
  6504 | D:7      | Killed a shadow
  6504 | D:7      | Reached ** piety under Okawaru
  6505 | D:7      | Reached skill level 1 in Invocations
  6505 | D:7      | Reached XP level 9. HP: 27/57 MP: 6/10
  6664 | D:7      | Noticed Duvessa
  6664 | D:7      | Noticed Dowan
  6686 | D:7      | Killed Dowan
  6697 | D:7      | Slain by Duvessa

Illustrated notes

Levels and vault maps discovered:
D:1:      dpeg_arrival_leaves_temple_mockup, layout_rooms,
          ebering_ecumenical_altar_abandoned, serial_shops, shop,
          minmay_door_square
D:2:      layout_loops_ring
D:3:      cheibrodos_helix_gallery, layout_loops_ring
D:4:      layout_basic, minmay_temple_entry_crystal_x, grunt_ministairs_4,
          uniq_menkaure, uniq_grinder
D:5:      layout_basic
D:6:      layout_loops_ring
D:7:      layout_gridville, amcnicky_altar_gilded, serial_shops,
          nicolae_shop_trees, uniq_duvessa, uniq_joseph
Temple:   compressed_dpeg_triangle_lava_temple

Skill      XL: |  1  2  3  4  5  6  7  8 |
---------------+-------------------------+-----
Axes           | 2 3 4 5 6 8 |  8.4
Fighting       | 4 5 6 7 |  7.6
Armour         | 4 |  4.5
Invocations    | 1 |  1.8
Shields        | |  3.2

Action                   |  1- 3 |  4- 6 |  7- 9 || total
-------------------------+-------+-------+-------++-------
Melee: War axe           |   110 |   127 |   173 ||   410
Throw: Stone             |    19 |       |       ||    19
       Javelin           |       |       |     7 ||     7
Invok: Heroism           |       |       |     1 ||     1
  Use: Scroll            |       |       |    10 ||    10
Armor: Scale mail        |     7 |       |       ||     7
       Plate armour      |    62 |   147 |   110 ||   319
Dodge: Dodged            |    38 |    42 |    46 ||   126
Block: Buckler           |    25 |    24 |    31 ||    80
